 Dungeon Crawl Stone Soup version 0.25-a0-719-gde951dce62 (webtiles) character file.

Game seed: 6509711682765073575, levelgen mode: deterministic

392 kae the Ruffian (level 6, -2/47 HPs)
             Began as a Draconian Transmuter on Apr 6, 2020.
             Was an Initiate of Wu Jian.
             Slain by Grinder (7 damage)
             ... while paralysed by Grinder
             ... on level 4 of the Dungeon.
             The game lasted 00:03:19 (3314 turns).

kae the Ruffian (Draconian Transmuter)              Turns: 3314, Time: 00:03:19

Health: -2/47      AC:  2    Str: 14    XL:     6   Next: 51%
Magic:  5/11       EV:  5    Int: 13    God:    Wu Jian [......]
Gold:   100        SH:  0    Dex: 17    Spells: 6/12 levels left

rFire    . . .     SeeInvis .     - Unarmed
rCold    . . .     Gourm    .   (shield currently unavailable)
rNeg     . . .     Faith    .   (armour unavailable)
rPois    x         Spirit   .   (helmet currently unavailable)
rElec    .         Reflect  .   (cloak currently unavailable)
rCorr    +         Harm     .   (gloves currently unavailable)
MR       .....                  (boots currently unavailable)
Stlth    ++........             n - amulet of regeneration
HPRegen  0.55/turn              l - ring of resist corrosion
MPRegen  0.12/turn              (no ring)

@: paralysed, spider-form (expiring), very slightly contaminated
A: tiny, unfitting armour, AC +6
a: End Transformation, Renounce Religion


You were on level 4 of the Dungeon.
You worshipped Wu Jian.
Wu Jian was noncommittal.
You were hungry.
You were a venomous arachnid creature.
You visited 2 branches of the dungeon, and saw 5 of its levels.

You collected 100 gold pieces.

Inventory:

Hand Weapons
 h - a +0 whip (melded)
Missiles
 a - 41 arrows
Jewellery
 l - a ring of resist corrosion (left front leg)
 n - an amulet of regeneration (around neck)
Scrolls
 d - a scroll of magic mapping
 e - a scroll of random uselessness {unknown}
 g - a scroll of identify
 r - a scroll of teleportation
Potions
 f - 4 potions of stabbing {unknown}
 i - a potion of lignification
 k - a potion of degeneration {unknown}
 m - a potion of brilliance {unknown}
 o - a potion of curing {unknown}
 q - a potion of flight {unknown}
Comestibles
 b - 6 chunks of flesh
 c - 7 rations


   Skills:
 - Level 1.1 Fighting
 - Level 1.7 Dodging
 * Level 5.6 Unarmed Combat
 + Level 3.6 Spellcasting
 + Level 3.8 Transmutations


You had 6 spell levels left.
You knew the following spells:

 Your Spells              Type           Power        Failure   Level  Hunger
a - Beastly Appendage     Tmut           ##....       14%         1    #......
b - Sticks to Snakes      Tmut           ##......     19%         2    ##.....
c - Spider Form           Tmut/Pois      #.........   52%         3    ###....

Your spell library contained the following spells:

 Spells                   Type           Power        Failure   Level  Hunger
 Ice Form                 Ice/Tmut       #.......     86%         4    #####..
 Blade Hands              Tmut           ##........   90%         5    ######.


Dungeon Overview and Level Annotations

Branches:
Dungeon (4/15)             Temple (1/1) D:4

Altars:
Ashenzari
Cheibriados
Dithmenos
Gozag
Hepliaklqana
Makhleb
Nemelex Xobeh
Okawaru
Qazlal
Sif Muna
Trog
Uskayaw
Vehumet
Wu Jian
Xom
Yredelemnul
Zin
The Shining One

Annotations:
D:4 Grinder


Innate Abilities, Weirdness & Mutations

((Your plain brown scales are hard. (AC +6)))
You cannot fit into any form of body armour.
((You are cold-blooded and may be slowed by cold attacks.))


Message History

You are too injured to fight recklessly!
You are too injured to fight recklessly!
You are too injured to fight recklessly!
You are too injured to fight recklessly!
You hit Grinder.
Grinder is heavily wounded.
Grinder hits you!
You writhe in agony.
You bite Grinder!
Grinder is severely wounded.
Grinder gestures at you.
You suddenly lose the ability to move!
Grinder barely misses you.
Your transformation is almost over.
Grinder hits you.
You writhe in agony.
Grinder hits you.
* * * LOW HITPOINT WARNING * * *
You writhe in agony.
* * * LOW HITPOINT WARNING * * *
Grinder hits you!
You die...

######## #......#
#######......##
...............
#.)....#
#.#######'########
#.................
#######..s....####
######.5.....#
#............#
######
#.....(......#
#...g.
#............#
#.####
######.......# #.#
###.##### #.# #.#
#.# ####.######
#g#


You could see Grinder.

Vanquished Creatures
  3 hounds
  2 orc priests
  3 worker ants (D:4)
  5 gnolls
  2 adders (D:4)
  A worm (D:2)
  4 dart slugs
  A leopard gecko (D:1)
  16 orcs
  3 ball pythons
  3 giant cockroaches
  4 goblins
  8 hobgoblins
  3 kobolds
  5 bats
  5 frilled lizards
  4 rats (D:1)
72 creatures vanquished.

Vanquished Creatures (collateral kills)
  An orc wizard (D:3)
1 creature vanquished.

Grand Total: 73 creatures vanquished

Notes
Turn   | Place    | Note
-------+----------+-------------------------------------------
     0 | D:1      | kae the Draconian Transmuter began the quest for the Orb.
     0 | D:1      | Reached XP level 1. HP: 16/16 MP: 3/3
    59 | D:1      | Reached XP level 2. HP: 23/23 MP: 3/5
   296 | D:1      | Reached XP level 3. HP: 28/28 MP: 4/6
   703 | D:2      | Learned a level 2 spell: Sticks to Snakes
   708 | D:2      | Learned a level 3 spell: Spider Form
   966 | D:2      | Found a snail-covered altar of Cheibriados.
  1229 | D:2      | You fall into a shaft and drop 1 floor!
  1350 | D:3      | Found a radiant altar of Vehumet.
  1440 | D:3      | Reached skill level 4 in Unarmed Combat
  1536 | D:3      | Reached XP level 4. HP: 28/35 MP: 4/7
  2308 | D:3      | Reached XP level 5. HP: 37/40 MP: 5/9
  2423 | D:4      | Reached skill level 5 in Unarmed Combat
  2741 | D:4      | Found a staircase to the Ecumenical Temple.
  2744 | D:4      | Noticed an ogre
  2747 | D:4      | Reached XP level 6. HP: 47/47 MP: 6/11
  2883 | Temple   | Entered the Ecumenical Temple
  3019 | Temple   | Became a worshipper of the Wu Jian Council
  3282 | D:4      | Noticed Grinder
  3310 | D:4      | Paralysed by Grinder for 7 turns
  3314 | D:4      | Slain by Grinder

Levels and vault maps discovered:
D:1:      dpeg_arrival_rhombus, layout_basic
D:2:      layout_loops_ring, kennysheep_slug_shrine
D:3:      layout_loops_corners, marbit_many_paths, nrook_campfire,
          cheibrodos_gnoll_hut
D:4:      layout_basic, minmay_temple_entry_slanted, first_ration,
          uniq_eustachio, uniq_grinder
Temple:   regret_index_temple_sphere_string

Skill      XL: |  1  2  3  4  5 |
---------------+----------------+-----
Unarmed Combat | 4 5 |  5.6
Transmutations | 3 |  3.8
Spellcasting   | 3 |  3.6
Fighting       | |  1.1
Dodging        | |  1.7

Action                   |  1- 3 |  4- 6 || total
-------------------------+-------+-------++-------
Melee: Unarmed           |    47 |    79 ||   126
       Kick              |    16 |     1 ||    17
       Tailslap          |     8 |     2 ||    10
       Whip              |    55 |    49 ||   104
       Headbutt          |     2 |       ||     2
       Punch             |       |     2 ||     2
 Cast: Beastly Appendage |    18 |     3 ||    21
       Sticks to Snakes  |     2 |     1 ||     3
       Spider Form       |     1 |    14 ||    15
  Use: Scroll            |     2 |     6 ||     8
       Potion            |       |     2 ||     2
  Eat: Chunk             |     2 |     8 ||    10
Armor: Skin              |    27 |    27 ||    54
Dodge: Dodged            |    52 |   103 ||   155

Table legend:
 A = Non-vault XP
 B = Vault XP
 C = Vault XP percentage of total XP
 D = Non-vault monster count
 E = Vault monster count
 F = Vault count percentage of total count
                 A         B        C        D         E       F
            +---------+---------+-------+---------+---------+-------
      Total |     454 |     107 |  19.1 |      68 |       5 |   6.8
            +---------+---------+-------+---------+---------+-------
        D:1 |      53 |       0 |   0.0 |      20 |       0 |   0.0
        D:2 |      14 |       4 |  22.2 |       6 |       1 |  14.3
        D:3 |     130 |     103 |  44.2 |      25 |       4 |  13.8
        D:4 |     257 |       0 |   0.0 |      17 |       0 |   0.0
            +---------+---------+-------+---------+---------+-------
